 Dungeon Crawl Stone Soup version 0.24-a0-584-g9d6b971ae4 (webtiles) character file.

Game seed: 5448687272332758624, levelgen mode: deterministic

485 Gynju the Shooter (level 6, 0/51 HPs)
             Began as a Centaur Arcane Marksman on Sept 3, 2019.
             Was an Initiate of Okawaru.
             Slain by a sky beast (6 damage)
             ... on level 4 of the Dungeon.
             The game lasted 00:09:29 (6384 turns).

Gynju the Shooter (Centaur Arcane Marksman)         Turns: 6384, Time: 00:09:30

Health: 0/51       AC:  2    Str: 13    XL:     6   Next: 88%
Magic:  9/9        EV: 10    Int: 13    God:    Okawaru [......]
Gold:   252        SH:  0    Dex: 10    Spells: 6/9 levels left

rFire    . . .     SeeInvis .   b - +6 trident (freeze)
rCold    . . .     Gourm    .   (no shield)
rNeg     . . .     Faith    .   g - +0 leather armour
rPois    +         Spirit   .   w - +1 hat
rElec    .         Reflect  .   r - +0 cloak
rCorr    .         Harm     .   (no gloves)
MR       .....                  (no barding)
Stlth    ..........             (no amulet)
HPRegen  0.17/turn              t - ring of poison resistance
MPRegen  0.11/turn              (no ring)

@: corroded, very quick
A: large, hooves 3, deformed body, speed 2, tough skin 3
a: Renounce Religion


You were on level 4 of the Dungeon.
You worshipped Okawaru.
Okawaru was noncommittal.
You were hungry.

You visited 2 branches of the dungeon, and saw 6 of its levels.

You collected 252 gold pieces.

Inventory:

Hand Weapons
 a - a +0 shortbow
 b - a +6 trident of freezing (weapon)
Missiles
 d - 66 arrows
Armour
 g - a +0 leather armour (worn)
 r - a +0 cloak (worn)
 w - a +1 hat (worn)
Jewellery
 k - an uncursed ring of positive energy {unknown}
 t - a ring of poison resistance (left hand)
Scrolls
 h - a scroll of identify
 j - a scroll of amnesia
 m - a scroll of fog {unknown}
 o - 2 scrolls of teleportation
 p - 2 scrolls of remove curse
Potions
 e - a potion of mutation
 i - 2 potions of curing
 l - a potion of heal wounds
 n - 2 potions of brilliance
 q - 2 potions of magic {unknown}
 u - a potion of lignification {unknown}
Comestibles
 f - 8 rations


   Skills:
 + Level 3.2 Fighting
 + Level 5.0 Bows
 + Level 2.8 Dodging
 - Level 2.2 Spellcasting
 - Level 3.7 Hexes
 + Level 1.6 Invocations


You had 6 spell levels left.
You knew the following spells:

 Your Spells              Type           Power        Failure   Level  Hunger
a - Corona                Hex            ##.....      7%          1    ##.....
b - Slow                  Hex            ##......     11%         2    ###....

Your spell library contained the following spells:

 Spells                   Type           Power        Failure   Level  Hunger
 Inner Flame              Hex/Fire       #.......     41%         3    ####...
 Portal Projectile        Hex/Tloc       #.....       41%         3    ####...
 Cause Fear               Hex            ##........   56%         4    #####..
 Leda's Liquefaction      Hex/Erth       #.........   83%         4    #####..


Dungeon Overview and Level Annotations

Branches:
Dungeon (5/15)             Temple (1/1) D:4

Altars:
Ashenzari
Dithmenos
Gozag
Hepliaklqana
Makhleb
Nemelex Xobeh
Okawaru
Sif Muna
Uskayaw
Vehumet
Wu Jian
Xom
Zin
The Shining One
Jiyva

Annotations:
D:3 2 transporters


Innate Abilities, Weirdness & Mutations

You have hooves in place of feet.
Armour fits poorly on your strangely shaped body.
You cover ground very quickly.
You have extremely tough skin. (AC +3)


Message History

You miss the sky beast.
The sky beast is heavily wounded.
The sky beast hits you. The sky beast shocks you.
You are too injured to fight recklessly!
You are too injured to fight recklessly!
You are too injured to fight recklessly!
You puncture the sky beast! You freeze the sky beast.
You kick the sky beast, but do no damage.
The sky beast is almost dead.
The sky beast hits you. The sky beast shocks you.
You barely miss the sky beast. Your kick misses the sky beast.
The sky beast is almost dead.
The sky beast hits you.
* * * LOW HITPOINT WARNING * * *
The sky beast shocks you.
* * * LOW HITPOINT WARNING * * *
The sky beast hits you.
* * * LOW HITPOINT WARNING * * *
The sky beast shocks you.
You die...

.......###...##
........###...###
.........###....##
### .........#
##....###.#
.........# ###.....##
.........# ##....#
........## ###....#
........# ###......#
...(...#####....@...#
.....#####.....Y....#
..#######...........#
#######.............#
#.....#####.##..[...#
#.....#...#.##......#
...>....⌠...###.....#
#...).#...### #.....#
#.....##### #######


You could see a sky beast.

Vanquished Creatures
  An ogre (D:4)
  A scorpion (D:4)
  A jelly (D:5)
  Crazy Yiuf (D:2)
  2 iguanas
  Terence (D:3)
  A worker ant (D:5)
  9 adders
  An ooze (D:1)
  An adder skeleton (D:5)
  3 worms
  3 dart slugs
  7 leopard geckos
  3 orcs
  11 giant cockroaches
  6 goblins
  9 hobgoblins
  3 jackals
  10 kobolds
  2 quokkas
  2 ball pythons
  8 bats
  3 frilled lizards
  A leopard gecko skeleton (D:4)
  A quokka zombie (D:3)
  2 rats
93 creatures vanquished.

Notes
Turn   | Place    | Note
-------+----------+-------------------------------------------
     0 | D:1      | Gynju the Centaur Arcane Marksman began the quest for the
                  | Orb.
     0 | D:1      | Reached XP level 1. HP: 16/16 MP: 2/2
   161 | D:1      | Reached skill level 3 in Bows
   161 | D:1      | Reached XP level 2. HP: 23/23 MP: 3/3
   814 | D:1      | Reached XP level 3. HP: 19/28 MP: 4/4
  1647 | D:2      | Learned a level 2 spell: Slow
  1849 | D:2      | Reached XP level 4. HP: 24/36 MP: 6/6
  2176 | D:2      | Found a runed translucent door.
  2177 | D:2      | Noticed Crazy Yiuf
  2781 | D:2      | Found a shimmering altar of Xom.
  2824 | D:2      | Found a shimmering blue altar of Sif Muna.
  2824 | D:2      | Found an opulent altar of Gozag.
  3083 | D:2      | Killed Crazy Yiuf
  3375 | D:3      | Reached XP level 5. HP: 41/41 MP: 7/7
  3496 | D:3      | Reached skill level 4 in Bows
  3525 | D:3      | Found a transporter.
  3574 | D:3      | Found a shattered altar of Ashenzari.
  3704 | D:3      | Found a transporter.
  3848 | D:3      | Noticed Terence
  4512 | D:3      | Killed Terence
  4963 | D:4      | Found an ornate altar of the Wu Jian Council.
  5186 | D:4      | Found a staircase to the Ecumenical Temple.
  5194 | D:4      | Reached XP level 6. HP: 37/50 MP: 9/9
  5199 | Temple   | Entered the Ecumenical Temple
  5359 | Temple   | Became a worshipper of Warmaster Okawaru
  5384 | D:4      | Reached skill level 1 in Invocations
  6128 | D:5      | Entered Level 5 of the Dungeon
  6138 | D:5      | Noticed a sky beast
  6374 | D:5      | Reached skill level 5 in Bows
  6384 | D:4      | Slain by a sky beast

Levels and vault maps discovered:
D:1:      dpeg_arrival_tiny_k, layout_loops_cross, hangedman_glass_teeth,
          minmay_tall_x
D:2:      layout_loops_ring, nicolae_overflow_crystal_walls,
          gammafunk_temple_overflow_elements, uniq_crazy_yiuf_cottage
D:3:      gammafunk_steamed_eel, layout_loops_cross, ashenzari_altar_1,
          first_ration, uniq_terence
D:4:      layout_cave_pods, marbit_many_paths, minmay_temple_entry_antechambers,
          gup_sewer_entry_pipe
D:5:      cheibrodos_fzero, layout_basic, basic_altar, serial_glass,
          glass_columns_c, glass_columns_b, uniq_eustachio
Temple:   pf_slimified_temple

Skill      XL: |  1  2  3  4  5  6 |
---------------+-------------------+-----
Bows           | 3 4 5 |  5.0
Hexes          | 3 |  3.7
Dodging        | 2 |  2.8
Fighting       | 2 3 |  3.2
Spellcasting   | 2 |  2.2
Invocations    | 1 |  1.6

Action                   |  1- 3 |  4- 6 || total
-------------------------+-------+-------++-------
Melee: Mace              |   124 |    39 ||   163
       Kick              |    18 |    25 ||    43
       Quarterstaff      |       |    24 ||    24
       Trident           |       |    84 ||    84
 Fire: Shortbow          |       |     9 ||     9
 Cast: Slow              |       |     4 ||     4
       Corona            |       |     2 ||     2
  Use: Scroll            |       |    11 ||    11
       Potion            |       |     1 ||     1
  Eat: Chunk             |     2 |     9 ||    11
       Ration            |       |     1 ||     1
Armor: Robe              |    40 |       ||    40
       Leather armour    |    10 |    55 ||    65
Dodge: Dodged            |    89 |    79 ||   168

Table legend:
 A = Non-vault XP
 B = Vault XP
 C = Vault XP percentage of total XP
 D = Non-vault monster count
 E = Vault monster count
 F = Vault count percentage of total count
                 A         B        C        D         E       F
            +---------+---------+-------+---------+---------+-------
      Total |     540 |     154 |  22.2 |      77 |      16 |  17.2
            +---------+---------+-------+---------+---------+-------
        D:1 |      51 |       6 |  10.5 |      23 |       4 |  14.8
        D:2 |      97 |      40 |  29.2 |      20 |       1 |   4.8
        D:3 |      65 |      36 |  35.6 |      18 |       1 |   5.3
        D:4 |     251 |      14 |   5.3 |      14 |       6 |  30.0
        D:5 |      76 |      58 |  43.3 |       2 |       4 |  66.7
            +---------+---------+-------+---------+---------+-------
